 Dungeon Crawl Stone Soup version 0.30-b1-2-g02819fbbbe (webtiles) character file.

Game seed: 4482368317883655662

595 maniek23 the Vexing (level 7, -3/47 HPs)
             Began as a Gnoll Hexslinger on July 26, 2023.
             Was a Follower of Hepliaklqana.
             Slain by Pikel
             ... wielding a +1 whip of freezing
              (11 damage)
             ... on level 4 of the Dungeon.
             The game lasted 00:17:43 (3476 turns).

maniek23 the Vexing (Gnoll Hexslinger)              Turns: 3476, Time: 00:17:43

Health: -3/47      AC:  5    Str:  9    XL:     7   Next: 40%
Magic:  9/12       EV: 14    Int: 13    God:    Hepliaklqana [*.....]
Gold:   179        SH:  0    Dex: 14    Spells: 12/13 levels left

rFire   + . .        a - +1 sling
rCold   x . .        (no shield)
rNeg    . . .        c - +1 robe
rPois   .            (no helmet)
rElec   .            l - +0 cloak
rCorr   .            (no gloves)
SInv    .            z - +0 pair of boots
Will    .....        (no amulet)
Stlth   ++           j - ring of fire
HPRegen 0.27/turn    (no ring)
MPRegen 0.13/turn

%: no passive effects
@: about to teleport, flying
A: reduced essence, fangs 1, strong nose, distributed training
a: Renounce Religion, Recall Ancestor, Ancestor Identity


You were on level 4 of the Dungeon.
You worshipped Hepliaklqana.
Hepliaklqana was aware of your devotion.
You visited 1 branch of the dungeon, and saw 4 of its levels.

You collected 179 gold pieces.

Inventory:

Hand Weapons
 a - a +1 sling (weapon)
 b - a +0 short sword of electrocution
Armour
 c - a +1 robe (worn)
 k - a +1 ring mail of willpower
 l - a +0 cloak (worn)
 z - a +0 pair of boots (worn)
Magical Staves
 s - a staff of conjuration
Jewellery
 f - a +6 ring of strength
 j - a ring of fire (left hand)
 u - an amulet of regeneration
Wands
 r - a wand of polymorph (6)
Scrolls
 e - a scroll of amnesia {unknown}
 g - a scroll of poison
 m - a scroll of identify
 p - a scroll of torment {unknown}
 t - 2 scrolls of enchant armour
 y - a scroll of enchant weapon {unknown}
Potions
 d - a potion of mutation {unknown}
 h - a potion of flight
 i - 2 potions of attraction {unknown}
 o - a potion of berserk rage {unknown}
 q - a potion of haste {unknown}
 w - a potion of magic
 x - a potion of heal wounds {unknown}


   Skills:
 + Level 3.7 Fighting
 + Level 2.5 Short Blades
 + Level 2.5 Long Blades
 + Level 2.5 Axes
 + Level 2.5 Maces & Flails
 + Level 2.5 Polearms
 + Level 2.5 Staves
 + Level 5.3 Ranged Weapons
 + Level 2.5 Throwing
 + Level 2.5 Armour
 + Level 5.3 Dodging
 + Level 2.5 Stealth
 + Level 2.5 Shields
 + Level 2.5 Unarmed Combat
 + Level 3.8 Spellcasting
 + Level 2.1 Conjurations
 + Level 5.8 Hexes
 + Level 2.1 Summonings
 + Level 2.1 Necromancy
 + Level 2.1 Translocations
 + Level 2.1 Transmutations
 + Level 2.1 Fire Magic
 + Level 2.1 Ice Magic
 + Level 2.1 Air Magic
 + Level 2.1 Earth Magic
 + Level 2.1 Poison Magic
 + Level 2.8 Invocations
 + Level 2.5 Evocations


You had 12 spell levels left.
You knew the following spells:

 Your Spells              Type           Power      Damage    Failure   Level
a - Slow                  Hex            68%        N/A       1%          1

Your spell library contained the following spells:

 Spells                   Type           Power      Damage    Failure   Level
 Inner Flame              Hex/Fire       19%        N/A       12%         3
 Portal Projectile        Hex/Tloc       24%        N/A       12%         3
 Scorch                   Fire           24%        2d6       14%         2
 Static Discharge         Conj/Air       16%        2-3/arc   14%         2
 Cause Fear               Hex            8%         N/A       19%         4
 Airstrike                Air            4%         2d(1-17)  65%         4
 Flame Wave               Conj/Fire      12%        2d6       65%         4
 Summon Lightning Spire   Summ/Air       8%         N/A       65%         4
 Summon Cactus Giant      Summ           4%         N/A       100%        6


Dungeon Overview and Level Annotations

Branches:
Dungeon (4/15)
 Temple: D:4-7

Altars:
Hepliaklqana

Annotations:
D:4 Pikel


Innate Abilities, Weirdness & Mutations

Your life essence is reduced to manifest your ancestor. (-10% HP)
You have very sharp teeth.
Your uncanny sense of smell can sniff out nearby items.
Your experience applies equally to all skills.


Message History

Aim: Pikel, wielding a +1 whip of freezing and wearing a +0 robe (lightly wounded, chance to affect: 50%) Pikel resists with some effort.
The lemure misses you. Pikel barely misses you.
There are monsters nearby!
It was a potion of flight.
You feel very buoyant.
You fly up into the air.
Pikel hits you with a +1 whip of freezing.
* * * LOW HITPOINT WARNING * * *
Pikel freezes you.
* * * LOW HITPOINT WARNING * * *
The lemure hits you.
* * * LOW HITPOINT WARNING * * *
Unknown command.
You feel better. Pikel misses you. The lemure closely misses you.
As you read the scroll labelled XIZXOO LEQUED, it crumbles to dust.
It is a scroll of identify.
n - a scroll of teleportation Pikel misses you.
The lemure hits you but does no damage.
As you read the scroll of teleportation, it crumbles to dust.
You feel strangely unstable.
Pikel cracks his whip.
Pikel hits you but does no damage. The lemure hits you.
* * * LOW HITPOINT WARNING * * *
Aiming: Slow (safe; 1% risk of failure)
Press: ? - help, Q - select action, (/) - cycle Shift-Dir - straight line, f/p - Pikel
Aim: Pikel, wielding a +1 whip of freezing and wearing a +0 robe (lightly wounded, chance to affect: 50%) Pikel resists with some effort.
The lemure misses you.
Pikel hits you with a +1 whip of freezing.
* * * LOW HITPOINT WARNING * * *
Pikel freezes you.
* * * LOW HITPOINT WARNING * * *
Aiming: Slow (safe; 1% risk of failure)
Press: ? - help, Q - select action, (/) - cycle Shift-Dir - straight line, f/p - Pikel
Aim: Pikel, wielding a +1 whip of freezing and wearing a +0 robe (lightly wounded, chance to affect: 50%) Pikel seems to slow down.
The lemure hits you but does no damage.
Pikel hits you with a +1 whip of freezing!
You die...

### #5##
#.#5##
.5###@## #.#
##K### ..#
##5.# ..#
##.#.# #.#
##.##.#####
#.
#5#.........#
#.=###.###.#
#..5.5...#.#
#..###.#.#.#


You could see Pikel (slow) and 3 lemures.

Vanquished Creatures
  Eustachio (D:3)
  An ice beast (D:4)
  An ogre (D:4)
  A hound (D:4)
  Crazy Yiuf (D:3)
  An orc wizard (D:4)
  3 adders
  3 adder zombies (D:2)
  3 adder skeletons (D:2)
  2 worms (D:2)
  2 dart slugs
  2 orcs (D:3)
  6 ball pythons
  6 bats
  2 bat skeletons (D:2)
  3 bat zombies (D:2)
  10 endoplasms
  3 giant cockroaches
  5 goblins
  10 hobgoblins
  4 jackals (D:3)
  5 quokkas
  A ball python skeleton (D:2)
  A ball python zombie (D:2)
  3 frilled lizards
  3 jackal zombies (D:2)
  4 kobolds
  7 rats
94 creatures vanquished.

Vanquished Creatures (collateral kills)
  An orc priest (D:4)
  An orc (D:4)
2 creatures vanquished.

Vanquished Creatures (others)
  3 ancestors (D:4)
  4 withered plants (D:2)
7 creatures vanquished.

Grand Total: 103 creatures vanquished

Notes
Turn   | Place    | Note
-------+----------+-------------------------------------------
     0 | D:1      | maniek23 the Gnoll Hexslinger began the quest for the Orb.
     0 | D:1      | Reached XP level 1. HP: 17/17 MP: 4/4
   143 | D:1      | Reached XP level 2. HP: 23/23 MP: 5/5
   444 | D:1      | Reached XP level 3. HP: 28/28 MP: 7/7
   895 | D:2      | Reached skill level 1 in Invocations
  1001 | D:2      | Reached skill level 1 in Short Blades
  1001 | D:2      | Reached skill level 1 in Long Blades
  1001 | D:2      | Reached skill level 1 in Axes
  1001 | D:2      | Reached skill level 1 in Maces & Flails
  1001 | D:2      | Reached skill level 1 in Polearms
  1001 | D:2      | Reached skill level 1 in Staves
  1001 | D:2      | Reached skill level 1 in Throwing
  1001 | D:2      | Reached skill level 1 in Armour
  1001 | D:2      | Reached skill level 1 in Stealth
  1001 | D:2      | Reached skill level 1 in Shields
  1001 | D:2      | Reached skill level 1 in Unarmed Combat
  1001 | D:2      | Reached skill level 1 in Evocations
  1082 | D:2      | Reached XP level 4. HP: 34/34 MP: 8/8
  1287 | D:2      | Reached skill level 1 in Conjurations
  1287 | D:2      | Reached skill level 1 in Summonings
  1287 | D:2      | Reached skill level 1 in Necromancy
  1287 | D:2      | Reached skill level 1 in Translocations
  1287 | D:2      | Reached skill level 1 in Transmutations
  1287 | D:2      | Reached skill level 1 in Fire Magic
  1287 | D:2      | Reached skill level 1 in Ice Magic
  1287 | D:2      | Reached skill level 1 in Air Magic
  1287 | D:2      | Reached skill level 1 in Earth Magic
  1287 | D:2      | Reached skill level 1 in Poison Magic
  1894 | D:3      | Found a hazy altar of Hepliaklqana.
  1903 | D:3      | Became a worshipper of Hepliaklqana the Forgotten
  1949 | D:3      | Reached XP level 5. HP: 40/40 MP: 9/9
  1973 | D:3      | Found a runed translucent door.
  1974 | D:3      | Noticed Crazy Yiuf
  1982 | D:3      | Killed Crazy Yiuf
  2899 | D:4      | Noticed an ogre
  2930 | D:4      | Killed an ogre
  2931 | D:4      | Reached skill level 5 in Ranged Weapons
  2931 | D:4      | Reached skill level 5 in Dodging
  2931 | D:4      | Reached XP level 6. HP: 47/47 MP: 8/11
  2954 | D:4      | Reached * piety under Hepliaklqana
  3019 | D:4      | Noticed Eustachio
  3054 | D:3      | Killed Eustachio
  3055 | D:3      | Reached XP level 7. HP: 11/46 MP: 12/12
  3462 | D:4      | Noticed Pikel
  3476 | D:4      | Slain by Pikel

Illustrated notes

Levels and vault maps discovered:
D:1:      saegor_arrival_simple_c, layout_basic, corexii_item_surrounded_by_moat
D:2:      layout_basic, serial_undead, serial_undead_d, serial_undead_a,
          serial_undead_f, serial_undead_d, serial_undead_d, serial_undead_b,
          serial_undead_f, serial_undead_e, serial_undead_e, serial_undead_d
D:3:      minmay_door_path, layout_basic, mainiacjoe_overflow_paths,
          uniq_crazy_yiuf_cottage
D:4:      layout_loops_corners, minmay_crystal_room, nicolae_nh_ransacked_shop,
          uniq_pikel, uniq_eustachio

Skill      XL: |  1  2  3  4  5  6  7 |
---------------+----------------------+-----
Invocations    | 1 2 |  2.8
Short Blades   | 1 2 |  2.5
Long Blades    | 1 2 |  2.5
Axes           | 1 2 |  2.5
Maces & Flails | 1 2 |  2.5
Polearms       | 1 2 |  2.5
Staves         | 1 2 |  2.5
Throwing       | 1 2 |  2.5
Armour         | 1 2 |  2.5
Stealth        | 1 2 |  2.5
Shields        | 1 2 |  2.5
Unarmed Combat | 1 2 |  2.5
Evocations     | 1 2 |  2.5
Spellcasting   | 3 |  3.8
Conjurations   | 1 2 |  2.1
Summonings     | 1 2 |  2.1
Necromancy     | 1 2 |  2.1
Translocations | 1 2 |  2.1
Transmutations | 1 2 |  2.1
Fire Magic     | 1 2 |  2.1
Ice Magic      | 1 2 |  2.1
Air Magic      | 1 2 |  2.1
Earth Magic    | 1 2 |  2.1
Poison Magic   | 1 2 |  2.1
Fighting       | 3 |  3.7
Ranged Weapons | 5 |  5.3
Dodging        | 5 |  5.3
Hexes          | |  5.8

Action                     |  1- 3 |  4- 6 |  7- 9 || total
---------------------------+-------+-------+-------++-------
  Melee: Unarmed           |       |     1 |       ||     1
   Fire: Sling             |   145 |   209 |    47 ||   401
   Cast: Slow              |       |     4 |     3 ||     7
    Use: Potion            |       |     2 |     4 ||     6
         Scroll            |       |       |     3 ||     3
 Armour: Robe              |    14 |    22 |     6 ||    42
  Dodge: Dodged            |    53 |   101 |    18 ||   172
